 Dungeon Crawl Stone Soup version 0.19.1-1-g22dce08 (webtiles) character file.

123 spooks32 the Gusty (level 5, 0/32 HPs)
             Began as a Tengu Air Elementalist on Jan 15, 2017.
             Slain by a river rat (6 damage)
             ... in a sewer.
             The game lasted 00:12:03 (3484 turns).

spooks32 the Gusty (Tengu Air Elementalist)         Turns: 3484, Time: 00:12:05

Health: 0/32       AC:  3    Str:  9    XL:     5   Next: 7%
Magic:  8/10       EV: 12    Int: 16    God:
Gold:   72         SH:  0    Dex: 14    Spells: 3 memorised, 4 levels left

rFire  . . .     SeeInvis .     d - +0 mace
rCold  . . .     Gourm    .     a - +0 robe
rNeg   . . .     Faith    .     (no shield)
rPois  .         Spirit   .     (helmet restricted)
rElec  .         Reflect  .     (no cloak)
rCorr  .         Harm     .     o - +0 pair of gloves
MR     .....                    (boots unavailable)
Stlth  ++........               (no amulet)
                                (no ring)
                                (no ring)

@: no status effects
A: beak, talons 3, able to fly 1
a: Fly


You were in a sewer.
You were not hungry.

You visited 1 branch of the dungeon, and saw 3 of its levels.
You also visited: Sewer.

You collected 72 gold pieces.

Inventory:

Hand Weapons
 d - a +0 mace (weapon)
 e - a +0 hunting sling
Missiles
 f - 115 stones (quivered)
 l - 8 sling bullets
Armour
 a - a +0 robe (worn)
 o - a +0 pair of gloves (worn)
Wands
 u - a wand of confusion (25/48)
Scrolls
 c - a scroll of fog {unknown}
 g - a scroll of identify {unknown}
 h - 2 scrolls of recharging {unknown}
 i - a scroll of amnesia {unknown}
 k - a scroll of fear
 r - a scroll of remove curse
 s - a scroll of teleportation {unknown}
 t - a scroll of immolation {unknown}
Potions
 n - 2 potions of lignification
 p - a potion of heal wounds {unknown}
 q - a potion of magic {unknown}
 w - a potion of curing {unknown}
Books
 b - a book of Air

   Spells                             Type                      Level
   a - Shock                          Conjuration/Air              1
   b - Swiftness                      Charms/Air                   2
   c - Repel Missiles                 Charms/Air                   2
   d - Static Discharge               Conjuration/Air              3
   e - Lightning Bolt                 Conjuration/Air              5
Comestibles
 j - a beef jerky
 m - a royal jelly
 v - a bread ration


   Skills:
 * Level 2.8 Fighting
 - Level 2.1 Dodging
 - Level 2.0 Stealth
 - Level 0.2 Unarmed Combat
 + Level 3.2 Spellcasting
 - Level 1.3 Conjurations
 + Level 4.7 Air Magic


You had 4 spell levels left.
You knew the following spells:

 Your Spells              Type           Power        Failure   Level  Hunger
a - Shock                 Conj/Air       ##..         8%          1    None
b - Swiftness             Chrm/Air       ##......     12%         2    ##.....
c - Static Discharge      Conj/Air       ##......     17%         3    ###....


Dungeon Overview and Level Annotations

Branches:
Dungeon (3/15)

Altars:
Gozag
Kikubaaqudgha


Innate Abilities, Weirdness & Mutations

You have a beak for a mouth.
You have claws for feet.
You can fly.


Message History

You have reached level 5!
You have gained the ability to fly.
The river rat completely misses you.
You closely miss the river rat. Your peck misses the river rat.
The river rat is heavily wounded.
The river rat closely misses you.
You closely miss the river rat. Your kick misses the river rat.
The river rat is heavily wounded.
The river rat bites you. The river rat misses you.
You barely miss the river rat.
The river rat is heavily wounded.
The river rat misses you.
You closely miss the river rat.
You peck the river rat, but do no damage.
The river rat is heavily wounded.
The river rat bites you!
* * * LOW HITPOINT WARNING * * *
The river rat twitches its whiskers.
The river rat bites you.
You die...

##### #∩..## #####
###..#####r@∩# ##
##..##...### ##...
...##.......## ##..†..
.............##..†....
......................
......................
....................≈≈
..........≈≈≈≈≈≈≈≈≈≈≈≈
≈≈.......≈≈≈≈≈≈≈≈≈≈≈≈≈


You could see a river rat.

Vanquished Creatures
  2 river rats
  4 adders
  2 oozes
  A worm (D:2)
  2 dart slugs (D:1)
  An orc (D:3)
  3 ball pythons
  3 bats
  A giant cockroach (D:3)
  10 goblins
  3 hobgoblins
  5 jackals
  6 kobolds
  A quokka (D:2)
  4 frilled lizards
  7 rats
55 creatures vanquished.

Notes
Turn   | Place    | Note
-------+----------+-------------------------------------------
     0 | D:1      | spooks32 the Tengu Air Elementalist began the quest for the Orb.
     0 | D:1      | Reached XP level 1. HP: 10/10 MP: 4/4
   199 | D:1      | Reached skill level 1 in Fighting
   199 | D:1      | Reached XP level 2. HP: 11/16 MP: 3/6
   297 | D:1      | Learned a level 2 spell: Swiftness
   795 | D:1      | Reached XP level 3. HP: 2/21 MP: 2/7
  1176 | D:1      | Learned a level 3 spell: Static Discharge
  2180 | D:2      | Reached XP level 4. HP: 10/27 MP: 1/9
  2765 | D:3      | Found an opulent altar of Gozag.
  2888 | D:3      | Found an ancient bone altar of Kikubaaqudgha.
  3205 | D:3      | Found a glowing drain.
  3262 | Sewer    | Entered a sewer
  3480 | Sewer    | Gained mutation: You can fly. [Tengu growth]
  3480 | Sewer    | Reached XP level 5. HP: 15/32 MP: 7/10
  3484 | Sewer    | Slain by a river rat

Skill      XL: |  1  2  3  4 |
---------------+-------------+-----
Fighting       | 1 2 |  2.8
Spellcasting   | 3 |  3.2
Dodging        | |  2.1
Stealth        | |  2.0
Unarmed Combat | |  0.2
Conjurations   | |  1.3
Air Magic      | |  4.7

Action                   |  1- 3 |  4- 6 || total
-------------------------+-------+-------++-------
Melee: Unarmed           |    12 |       ||    12
       Peck              |     5 |     8 ||    13
       Kick              |    15 |     7 ||    22
       Whip              |    49 |     3 ||    52
       Mace              |       |    61 ||    61
 Fire: Hunting sling     |    16 |       ||    16
 Cast: Shock             |    40 |    17 ||    57
       Swiftness         |     1 |     3 ||     4
  Use: Scroll            |     2 |     2 ||     4
       Potion            |       |     1 ||     1
 Stab: Sleeping          |       |     1 ||     1
  Eat: Bread ration      |     1 |       ||     1
       Meat ration       |       |     1 ||     1
Armor: Robe              |    22 |    13 ||    35
       Skin              |       |    15 ||    15
Dodge: Dodged            |    57 |    47 ||   104
